cohdb
Replays
Latest Replays
All Replays
Popular Replays
Top Player Replays
Match Explorer
How It Works
Community
CoH3 Stats
Reddit
Sign in to upload your games and track your stats! →
Sign in with Steam
Match 39703346
Unlisted
Match 39703346
Overview
Messages
Build Orders
End
Panzergrenadier Squad
Selects Italian Infantry
Panzergrenadier Squad
Panzergrenadier Squad
Construct Light Support Kompanie
Fire Support Elements
le.IG 18 Support Gun Team
2.5-tonne Medical Truck
Pak 38 Anti-tank Gun Team
Selects Guastatori Squad
Construct Panzerarmee Kommand
Armored Reserves
Selects Registered Artillery
Panzerjäger Squad
Panzerjäger Squad
Registered Artillery
2.5-tonne Medical Truck
Panzerjäger Squad
Assault Grenadier Squad
Selects Defensive Operations
Selects Territory Booby Traps
Selects Propaganda War
Tiger Heavy Tank
2.5-tonne Medical Truck
MG34 Team
mrugalla.alexandre
puchalvert
Bighazelnut
Guden
Moonmu
Pootispenser
0
0
Comments
sign in to comment!
No comments posted yet!